AoeStats
← lars.jak

Black Forest

510856252Analyzed
3v3 RM · 15h ago on Oct 2, 2026· 43m 24s· 6 players
Game mode
Random Map
Map size
Normal (6 player)
Population
200
Speed
Normal
Resources
Standard
Victory
Conquest
Starting age
Dark Age
Ending age
Imperial Age
RankedLock teamsTeams togetherTeam positionsShared explorationLock speedFull tech treeHidden civsTurbo modeCheats
Victory
Defeat
🇳🇱 Vikings · Netherlands
862
+16
🇳🇱 Bohemians · Netherlands
822
+18
🇪🇸 Britons · Spain
799
+19
🇱🇧 Poles · Lebanon
923
-20
🇱🇧 Magyars · Lebanon
921
-19
🇫🇷 Malay · France
764
-14
lars.jak
2:03 Loom
10:10 Feudal Age
10:14 Man-at-Arms
17:11 Fletching
20:03 Double-Bit Axe
20:00 Horse Collar
26:24 Castle Age
24:44 Stone Mining
27:48 Bow Saw
27:50 Bodkin Arrow
28:03 Gold Mining
28:40 Padded Archer Armor
29:05 Heavy Plow
30:45 Wheelbarrow
30:51 Gold Shaft Mining
33:34 Imperial Age
32:12 Hand Cart
32:40 Yeomen
32:59 Leather Archer Armor
34:06 Elite Longbowman
36:01 Conscription
35:51 Bracer
37:32 Ring Archer Armor
39:32 Ballistics
40:12 Chemistry
41:44 Warwolf
tanno_afca
10:43 Feudal Age
11:07 Horse Collar
11:19 Double-Bit Axe
11:55 Man-at-Arms
17:36 Gold Mining
22:04 Castle Age
20:10 Stone Mining
21:38 Scale Mail Armor
22:30 Town Watch
23:27 Heavy Plow
24:05 Gold Shaft Mining
23:43 Bow Saw
23:52 Town Patrol
24:23 Fletching
24:49 Chain Mail Armor
25:00 Bodkin Arrow
25:21 Chain Mail Armor
33:19 Imperial Age
34:14 Ballistics
34:56 Conscription
34:38 Chieftains
33:59 Elite Berserk
35:51 Chemistry
AadTheMoss
0:41 Loom
11:29 Feudal Age
11:55 Double-Bit Axe
11:55 Horse Collar
16:24 Wheelbarrow
20:50 Castle Age
21:53 Bow Saw
22:58 Fervor
23:44 Hand Cart
28:15 Fletching
28:58 Bodkin Arrow
33:06 Imperial Age
32:22 Chemistry
31:43 Ballistics
31:18 Murder Holes
31:37 Bodkin Arrow
32:38 Coinage
32:15 Caravan
32:29 Pikeman
33:10 Squires
32:56 Arson
33:26 Forging
33:16 Scale Mail Armor
33:52 Heavy Plow
34:54 Two-Man Saw
33:55 Halberdier
35:42 Iron Casting
35:23 Chain Mail Armor
38:47 Blast Furnace
40:55 Siege Engineers
42:09 Houfnice
Micho
14:52 Feudal Age
23:32 Double-Bit Axe
29:41 Castle Age
27:48 Stone Mining
27:45 Horse Collar
33:30 Forging
33:26 Scale Barding Armor
eL Zabron
12:28 Feudal Age
18:01 Horse Collar
20:37 Castle Age
20:17 Double-Bit Axe
23:50 Bloodlines
26:25 Horse Collar
29:59 Bow Saw
33:15 Wheelbarrow
35:30 Hand Cart
35:18 Stone Mining
35:18 Gold Mining
35:31 Town Watch
35:58 Scale Barding Armor
36:09 Forging
36:02 Husbandry
zabreyski
14:52 Feudal Age
26:57 Castle Age
26:09 Double-Bit Axe
30:19 Wheelbarrow
37:26 Imperial Age
36:41 Padded Archer Armor
37:18 Bow Saw
39:47 Conscription
Connection lost

Rejoining the realm…

Still unreachable

The connection could not be restored.

Session expired

The server has moved on; the page needs a fresh start.